 Dungeon Crawl Stone Soup version 0.29.1-1-gd02db6906a (webtiles) character file.

Game seed: 18407958389470655962

172 Earthwalker the Covered (level 5, 0/47 HPs)
             Began as a Minotaur Fighter on Oct 9, 2022.
             Slain by a gnoll sergeant
             ... wielding a +0 spear
              (5 damage)
             ... on level 2 of the Dungeon.
             The game lasted 00:06:28 (1829 turns).

Earthwalker the Covered (Minotaur Fighter)          Turns: 1829, Time: 00:06:29

Health: 0/47       AC: 14    Str: 21    XL:     5   Next: 27%
Magic:  4/4        EV:  6    Int:  5    God:
Gold:   92         SH:  4    Dex: 11    Spells: 4/4 levels left

rFire   . . .      SeeInvis .   a - +0 trident
rCold   . . .      Faith    .   c - +0 buckler
rNeg    . . .      Spirit   .   j - +0 plate armour
rPois   .          Reflect  .   (helmet restricted)
rElec   .          Harm     .   (no cloak)
rCorr   .          Rampage  .   k - +0 pair of gloves
Will    .....                   g - +0 pair of boots
Stlth   ..........              f - amulet of the acrobat
HPRegen 0.15/turn               (no ring)
MPRegen 0.09/turn               (no ring)

@: no status effects
A: horns 2, retaliatory headbutt
a: no special abilities


You were on level 2 of the Dungeon.
You visited 1 branch of the dungeon, and saw 2 of its levels.

You collected 92 gold pieces.

Inventory:

Hand Weapons
 a - a +0 trident (weapon)
Missiles
 e - 2 throwing nets (quivered)
 h - 5 poisoned darts
Armour
 b - a +0 scale mail
 c - a +0 buckler (worn)
 g - a +0 pair of boots (worn)
 j - a +0 plate armour (worn)
 k - a +0 pair of gloves (worn)
Jewellery
 f - an amulet of the acrobat (around neck)
Scrolls
 l - a scroll of teleportation
 m - a scroll of magic mapping {unknown}
Potions
 d - 2 potions of might
 i - a potion of berserk rage


   Skills:
 * Level 4.4 Fighting
 * Level 4.2 Polearms
 * Level 4.6 Armour
 * Level 1.3 Dodging
 * Level 1.0 Stealth
 * Level 4.2 Shields


You had 4 spell levels left.
You didn't know any spells.
Your spell library was empty.

Dungeon Overview and Level Annotations

Branches:
Dungeon (2/15)

Altars:

Shops:
D:1 *


Innate Abilities, Weirdness & Mutations

You have a pair of horns on your head.
You reflexively headbutt those who attack you in melee.


Message History

You reach to attack!
The gnoll sergeant blocks your attack.
The gnoll sergeant hits you but does no damage.
You block the gnoll sergeant's attack.
Reach: a) +0 trident
Press: ? - help, Dir - move target, f/p - gnoll sergeant
Aim: a gnoll sergeant, wielding a +0 spear, wearing a +0 scale mail and wearing a +0 kite shield (about 30% to evade your +0 trident)
You reach to attack!
You hit the gnoll sergeant but do no damage.
You block the gnoll sergeant's attack.
Reach: a) +0 trident
Press: ? - help, Dir - move target, f/p - gnoll sergeant
Aim: a gnoll sergeant, wielding a +0 spear, wearing a +0 scale mail and wearing a +0 kite shield (about 30% to evade your +0 trident)
You reach to attack!
You barely miss the gnoll sergeant. You block the gnoll sergeant's attack.
The gnoll sergeant closely misses you. The gnoll sergeant blocks your attack.
You headbutt the gnoll sergeant.
The gnoll sergeant is lightly wounded.
The gnoll sergeant hits you but does no damage.
You hit the gnoll sergeant but do no damage.
You headbutt the gnoll sergeant, but do no damage.
The gnoll sergeant is lightly wounded.
The gnoll sergeant hits you with a +0 spear.
You barely miss the gnoll sergeant.
The gnoll sergeant is lightly wounded.
You barely miss the gnoll sergeant.
Your headbutt misses the gnoll sergeant.
The gnoll sergeant is lightly wounded.
The gnoll sergeant hits you with a +0 spear.
The gnoll barely misses you.
You barely miss the gnoll sergeant.
You headbutt the gnoll sergeant, but do no damage.
The gnoll sergeant is lightly wounded.
The gnoll sergeant hits you with a +0 spear.
* * * LOW HITPOINT WARNING * * *
The gnoll hits you with a +0 flail!
* * * LOW HITPOINT WARNING * * *
You hit the gnoll sergeant but do no damage.
The gnoll sergeant is lightly wounded.
The gnoll sergeant hits you with a +0 spear.
You die...

##### #...#
###.#.# ....#.#
...>#.# ######
###.#.# #.)g@##
.##.#.# #)##g.#
..#.#.# ♣)♣##.##
..#†#.# ♣♣g♣♣#..##
..#.#.#
♣)..♣##..#########
###.#.# ♣...♣
##.........#
..#.#.# ♣.....♣
##.#####.##
#.#'#.# ♣.♣..)♣
#.#...#.# #.....##
....♣..♣ #.#.#.#.#


You could see a gnoll sergeant and a gnoll.

Vanquished Creatures
  10 gnolls (D:2)
  2 adders (D:2)
  A worm (D:2)
  3 dart slugs
  4 ball pythons
  4 endoplasms
  2 giant cockroaches (D:1)
  4 goblins
  5 hobgoblins
  7 quokkas (D:1)
  2 bats (D:2)
  A frilled lizard (D:2)
  4 kobolds
  A rat (D:1)
50 creatures vanquished.

Vanquished Creatures (others)
  2 plants (D:1)
2 creatures vanquished.

Grand Total: 52 creatures vanquished

Notes
Turn   | Place    | Note
-------+----------+-------------------------------------------
     0 | D:1      | Earthwalker the Minotaur Fighter began the quest for the
                  | Orb.
     0 | D:1      | Reached XP level 1. HP: 19/19 MP: 0/0
   104 | D:1      | Found a faded altar of an unknown god.
   228 | D:1      | Reached XP level 2. HP: 26/27 MP: 1/1
   379 | D:1      | Found Geist's General Store.
   643 | D:1      | Reached XP level 3. HP: 33/33 MP: 2/2
  1070 | D:2      | Reached XP level 4. HP: 40/40 MP: 3/3
  1267 | D:2      | Reached skill level 1 in Dodging
  1581 | D:2      | Reached XP level 5. HP: 15/47 MP: 4/4
  1817 | D:2      | Reached skill level 1 in Stealth
  1829 | D:2      | Slain by a gnoll sergeant

Illustrated notes

Levels and vault maps discovered:
D:1:      roderic_crop_circles_arrival_small, layout_basic, serial_shops, shop,
          hellmonk_ecumenical_altar_inner_sanctum
D:2:      layout_basic, pf_guarded_unrand_woodcutter

Skill      XL: |  1  2  3  4  5 |
---------------+----------------+-----
Armour         | 4 |  4.6
Fighting       | 4 |  4.4
Polearms       | 3 4 |  4.2
Shields        | 4 |  4.2
Dodging        | 1 |  1.3
Stealth        | 1 |  1.0

Action                   |  1- 3 |  4- 6 || total
-------------------------+-------+-------++-------
Melee: Trident           |    76 |    68 ||   144
       Headbutt          |    11 |    11 ||    22
  Use: Scroll            |     3 |       ||     3
Armor: Scale mail        |    25 |     9 ||    34
       Plate armour      |       |    26 ||    26
Dodge: Dodged            |    28 |    24 ||    52
Block: Buckler           |    12 |    17 ||    29
